 Dungeon Crawl Stone Soup version 0.27.1-4-g1640c2035a (webtiles) character file.

Game seed: 10840809375183955834

30 H0rd4k the Charlatan (level 3, 0/26 HPs)
             Began as a Human Artificer on Nov 11, 2021.
             Slain by a jackal (3 damage)
             ... on level 2 of the Dungeon.
             The game lasted 00:01:43 (1579 turns).

H0rd4k the Charlatan (Human Artificer)              Turns: 1579, Time: 00:01:43

Health: 0/26       AC:  3    Str: 13    XL:     3   Next: 37%
Magic:  3/3        EV: 11    Int: 11    God:
Gold:   26         SH:  0    Dex: 13    Spells: 2/2 levels left

rFire    . . .     SeeInvis .   k - +0 short sword
rCold    . . .     Faith    .   (no shield)
rNeg     . . .     Spirit   .   b - +0 leather armour
rPois    .         Reflect  .   (no helmet)
rElec    .         Harm     .   (no cloak)
rCorr    .         Rampage  .   (no gloves)
Will     .....                  (no boots)
Stlth    ++........             (no amulet)
HPRegen  0.08/turn              (no ring)
MPRegen  0.08/turn              (no ring)

@: no status effects
A: no striking features
a: no special abilities


You were on level 2 of the Dungeon.
You visited 1 branch of the dungeon, and saw 2 of its levels.

You collected 26 gold pieces.

Inventory:

Hand Weapons
 k - a +0 short sword (weapon)
Missiles
 f - 7 boomerangs of dispersal
Armour
 b - a +0 leather armour (worn)
Wands
 c - a wand of flame (11) (quivered)
 d - a wand of charming (13)
Scrolls
 g - a scroll of noise {unknown}
 h - 2 scrolls of teleportation {unknown}
 i - a scroll of summoning {unknown}
Potions
 a - a potion of magic {unknown}
 j - a potion of lignification {unknown}
Miscellaneous
 e - a piece from Xom's chessboard (15/15)


   Skills:
 + Level 1.4 Fighting
 + Level 0.7 Short Blades
 + Level 2.6 Armour
 + Level 1.5 Dodging
 + Level 1.5 Stealth
 - Level 3.0 Evocations


You had 2 spell levels left.
You didn't know any spells.
Your spell library was empty.

Dungeon Overview and Level Annotations

Branches:
Dungeon (2/15)

Altars:


Message History

You closely miss the kobold.
The kobold hits you with a +0 short sword.
You hit the kobold.
You kill the kobold!
A jackal comes into view.
The jackal barks!
You hit the hobgoblin.
The hobgoblin is severely wounded.
The hobgoblin hits you.
You barely miss the hobgoblin.
The hobgoblin is severely wounded.
The hobgoblin misses you.
You hit the hobgoblin but do no damage.
The hobgoblin is severely wounded.
The hobgoblin closely misses you. The hobgoblin hits you.
You hit the hobgoblin.
You kill the hobgoblin!
The jackal bites you but does no damage.
You barely miss the jackal. The jackal closely misses you.
You hit the jackal but do no damage. The jackal bites you. x2
* * * LOW HITPOINT WARNING * * *
You closely miss the jackal. The jackal barely misses you.
Aiming: Throw Flame
Press: ? - help, Shift-Dir - straight line, f - jackal
Aim: a jackal (64% to hit)
The puff of flame hits the jackal.
The jackal is almost dead.
The jackal misses you. The jackal bites you.
* * * LOW HITPOINT WARNING * * *
Aiming: Charm
Press: ? - help, Shift-Dir - straight line, f/p - jackal
Aim: a jackal (almost dead, chance to affect: 71%)
The jackal is charmed.
The jackal bites your jackal.
Your jackal dies!
Unknown command.
Aiming: Charm
Press: ? - help, Shift-Dir - straight line, f - jackal
Aim: a jackal (chance to affect: 71%)
The jackal struggles to resist.
The jackal bites you.
You die...

#.....+..................#
#.....####...............+
.....# #.....####'#....#
..... #.....# #.# ...#
.... #.....# #.# ..#
#.....# #.# ..
##########.# .
################.....†#
.>........h@...'......#
#..##..#######.....##
#......# #.....# #......#
#.....# #......# #.....#
#......# ####### #..h...#
#......# .......#


You could see a jackal.

Vanquished Creatures
  3 dart slugs
  2 ball pythons
  An endoplasm (D:1)
  A goblin (D:1)
  4 hobgoblins
  A quokka (D:1)
  7 kobolds
  2 rats (D:1)
21 creatures vanquished.

Vanquished Creatures (others)
  A jackal (D:2)
1 creature vanquished.

Grand Total: 22 creatures vanquished

Notes
Turn   | Place    | Note
-------+----------+-------------------------------------------
     0 | D:1      | H0rd4k the Human Artificer began the quest for the Orb.
     0 | D:1      | Reached XP level 1. HP: 15/15 MP: 1/1
    60 | D:1      | Found a faded altar of an unknown god.
   545 | D:1      | Reached XP level 2. HP: 14/21 MP: 2/2
  1237 | D:1      | Reached XP level 3. HP: 26/26 MP: 3/3
  1579 | D:2      | Slain by a jackal

Illustrated notes

Levels and vault maps discovered:
D:1:      lightli_arrival_lavapool, layout_basic,
          shapermc_ecumenical_altar_pompeii
D:2:      layout_basic, solitary_fountain, uniq_jessica

Action                   || total
-------------------------++-------
Melee: Club              ||    19
       Short sword       ||    67
Evoke: Wand              ||     6
 Stab: Sleeping          ||     5
Armor: Leather armour    ||    13
Dodge: Dodged            ||    47
